 Dungeon Crawl Stone Soup version 0.16.0-17-g811c1d7 (webtiles) character file.

98428 inmateoo the Basher (level 15, -2/128 HPs)
             Began as a Pale Draconian Transmuter on Mar 21, 2015.
             Was the Champion of Zin.
             Slain by a tarantella (18 damage)
             ... on level 1 of the Spider Nest.
             The game lasted 01:06:48 (34359 turns).

inmateoo the Basher (Pale Draconian Transmuter)    Turns: 34359, Time: 01:06:49

Health: -2/128     AC: 12    Str: 16    XL:     15   Next: 74%
Magic:  40/40      EV: 10    Int: 15    God:    Zin [******]
Gold:   1165       SH:  0    Dex: 19    Spells: 7 memorised, 3 levels left

rFire  + . .     SeeInvis +     c - +7 great mace "Qaqubant" {venom, rElec rN+ Str+3 Stlth+}
rCold  + + .     Clarity  .     (armour unavailable)
rNeg   + . .     SustAb   .     (no shield)
rPois  +         Gourm    .     v - +2 hat {MR+}
rElec  +         Spirit   .     t - +0 cloak (curse)
rCorr  .         Warding  .     L - +2 pair of gloves (curse)
rMut   .         Stasis   .     e - -4 pair of boots of Osai {+Inv rF+ rC++ Dex-2}
MR     ++...                    Q - amulet of regeneration
Stlth  +++.......               Z - ring "Schorag" {MP+9 Dex+5}
                                j - ring of poison resistance

@: confused, held, slowed, very slow, very resistant to hostile enchantments,
fairly stealthy
A: breathe steam, unfitting armour, see invisible, cold-blooded, AC +9
a: Breathe Steam, Recite, Vitalisation, Imprison, Sanctuary, Cure All Mutations,
Renounce Religion, Evoke Invisibility


You were on level 1 of the Spider Nest.
You worshipped Zin.
Zin was exalted by your worship.
You were not hungry.

You visited 4 branches of the dungeon, and saw 26 of its levels.
You also visited: Labyrinth, Sewer and Bailey.

You collected 2270 gold pieces.
You spent 900 gold pieces at shops.
You donated 205 gold pieces to Zin.

Inventory:

Hand weapons
 c - the +7 great mace "Qaqubant" (weapon) {venom, rElec rN+ Str+3 Stlth+}
   (You acquired it on level 6 of the Lair of Beasts)

   It poisons the flesh of those it strikes.
   It affects your strength (+3).
   It insulates you from electricity.
   It protects you from negative energy.
   It makes you more stealthy.
Missiles
 b - 218 arrows
Armour
 e - the -4 pair of boots of Osai (worn) {+Inv rF+ rC++ Dex-2}
   (You acquired it on level 8 of the Lair of Beasts)

   It affects your dexterity (-2).
   It protects you from fire.
   It greatly protects you from cold.
   It lets you turn invisible.
 t - a cursed +0 cloak (worn)
 v - a +2 hat of magic resistance (worn)
 L - a cursed +2 pair of gloves (worn)
Jewellery
 d - an uncursed ring of sustain abilities
 j - a ring of poison resistance (left hand)
 u - a +5 ring of dexterity
 w - an uncursed ring of positive energy
 B - an uncursed amulet of warding
 Q - an amulet of regeneration (around neck)
 W - an uncursed ring of protection from magic
 Z - the ring "Schorag" (right hand) {MP+9 Dex+5}
   (You found it in a labyrinth)

   [ring of magical power]

   It affects your dexterity (+5).
   It affects your magic capacity (+9).
Magical devices
 q - a wand of paralysis (8)
 z - a wand of heal wounds (4)
 D - a wand of disintegration (13)
 F - a wand of lightning (6)
 I - a wand of digging (3)
 N - a wand of teleportation (4)
 V - a wand of cold (8)
Scrolls
 p - 2 scrolls of blinking
 A - 8 scrolls of amnesia
 C - 5 scrolls of identify
 G - 3 scrolls of fear
 J - 6 scrolls of recharging
 K - 11 scrolls of teleportation
 O - 3 scrolls of fog
 T - a scroll of magic mapping
 U - 4 scrolls of remove curse
Potions
 g - 7 potions of restore abilities
 h - 3 potions of resistance
 l - 7 potions of curing
 m - 5 potions of brilliance
 n - 5 potions of heal wounds
 o - a potion of invisibility
 r - a potion of magic
 x - 5 potions of might
 E - 3 potions of haste
 H - a potion of flight
 M - 6 potions of agility
 P - a potion of cancellation
 R - 2 potions of cure mutation
Books
 k - a book of Dreams

   Spells                             Type                      Level
   a - Ensorcelled Hibernation        Hexes/Ice                    2
   b - Flight                         Charms/Air                   3
   c - Phase Shift                    Translocation                5
   d - Shadow Creatures               Summoning                    5
   e - Mass Confusion                 Hexes                        6
   f - Darkness                       Hexes                        7
 y - a Young Poisoner's Handbook

   Spells                             Type                      Level
   a - Sting                          Conjuration/Poison           1
   b - Cure Poison                    Poison                       2
   c - Mephitic Cloud                 Conjuration/Poison/Air       3
   d - Olgreb's Toxic Radiance        Poison                       4
   e - Venom Bolt                     Conjuration/Poison           5
 Y - a book of the Earth

   Spells                             Type                      Level
   a - Leda's Liquefaction            Hexes/Earth                  4
   b - Bolt of Magma                  Conjuration/Fire/Earth       5
   c - Statue Form                    Transmutation/Earth          6
   d - Iron Shot                      Conjuration/Earth            6
   e - Shatter                        Earth                        9
Comestibles
 a - 14 bread rations
 f - 13 fruits
 i - 2 beef jerkies
 s - 6 meat rations


   Skills:
 + Level 10.4 Fighting
 * Level 13.2 Maces & Flails
 + Level 9.4 Dodging
 * Level 13.2 Stealth
 - Level 5.2 Unarmed Combat
 - Level 8.8 Spellcasting
 * Level 6.2 Hexes
 - Level 3.7 Transmutations
 + Level 10.5 Invocations
 * Level 7.6 Evocations


You had 3 spell levels left.
You knew the following spells:

 Your Spells              Type           Power        Failure   Level  Hunger
a - Beastly Appendage     Trmt           ###...       2%          1    None
b - Sticks to Snakes      Trmt           ###.......   4%          2    None
c - Spider Form           Trmt/Pois      ##........   17%         3    #......
d - Mass Confusion        Hex            ####......   98%         6    ######.
e - Darkness              Hex            ####......   100%        7    #######
f - Invisibility          Hex            ####....     98%         6    ######.
g - Flight                Chrm/Air       #.........   34%         3    #......


Dungeon Overview and Level Annotations

Branches:
Dungeon (15/15)            Temple (1/1) D:5            Lair (8/8) D:9
 Shoals (0/5) Lair:6       Spider (2/5) Lair:3        Slime (0/6) Lair:7
    Orc (0/4) D:9          Vaults (0/5) D:13         Depths (0/5) D:15

Altars:
Ashenzari
Cheibriados
Dithmenos
Elyvilon
Fedhas
Gozag
Kikubaaqudgha
Makhleb
Nemelex Xobeh
Okawaru
Qazlal
Ru
Sif Muna
Trog
Vehumet
Xom
Yredelemnul
Zin
The Shining One
Lugonu

Shops:
D:9 ([   D:10 :

Annotations:
D:2 Terence
D:5 Pikel
D:12 6 runed doors
Lair:8 exclusion: 3 doors


Innate Abilities, Weirdness & Mutations

You can breathe blasts of scalding steam.
Your pale cyan-grey scales are hard (AC +9).
Your body does not fit into most forms of armour.
Your cold-blooded metabolism reacts poorly to cold.
You have supernaturally acute eyesight.


Message History

* * * LOW HITPOINT WARNING * * *
The jumping spider pounces on you!
* * * LOW HITPOINT WARNING * * *
The jumping spider closely misses you. The tarantella barely misses you.
The spider barely misses you. The jumping spider pounces on you.
* * * LOW HITPOINT WARNING * * *
The jumping spider barely misses you.
Unknown command.
Drink which item? (? for menu, Esc to quit)
You feel much better. The tarantella closely misses you. The spider bites you.
* * * LOW HITPOINT WARNING * * *
The jumping spider pounces on you.
* * * LOW HITPOINT WARNING * * *
The jumping spider bites you but does no damage.
The tarantella bites you but does no damage.
The spider closely misses you. The jumping spider closely misses you.
The jumping spider bites you.
* * * LOW HITPOINT WARNING * * *
The tarantella bites you!!
You die...

#.....#.#.#..###.###..#
###. #####..# ### .##
.... ###### #..##
#.##.# #.#####..).#####
### #.#....#.#.#
###...####...##
#......#......#
##s@#.......###
#ss###.#>#(..#
#...w^######..##
#...### #....# #...
###.## ...#. ### #..###
..


You could see a torpor snail, a jumping spider, a tarantella and a spider.

Vanquished Creatures
  Frances (D:15)
  Gastronok (Lair:3)
  A dire elephant (Lair:8)
  A minotaur (Lab)
  4 vault guards
  A great orb of eyes (D:15)
  5 hydras
  Harold (Lair:5)
  4 centaur warriors
  A tengu warrior (D:15)
  The ghost of puimuR the Cleaver, an experienced DsAM of Qazlal (D:12)
  2 unseen horrors
  An orb spider (Spider:1)
  5 orc knights (Bailey)
  4 hill giants
  An orc sorcerer (D:15)
  4 cyclopes
  4 wizards (D:15)
  A hornet (shapeshifter) (D:14)
  A necromancer (D:15)
  3 wolf spiders
  A moth of wrath (Spider:2)
  2 manticores
  6 ugly things
  3 griffons
  21 elephants
  2 molten gargoyles (Lair:3)
  Joseph (D:9)
  7 black mambas
  16 spiny frogs
  A torpor snail (Lair:7)
  A queen ant (Lair:6)
  A demonic crawler (Spider:2)
  2 efreet (D:13)
  A fire drake (shapeshifter) (D:13)
  10 komodo dragons
  3 fire drakes
  4 trolls
  A polar bear (shapeshifter) (D:15)
  3 two-headed ogres
  A merfolk (D:10)
  A wolf spider simulacrum (D:15)
  18 slime creatures
  A boulder beetle (Lair:7)
  2 harpy skeletons (D:15)
  18 blink frogs
  5 ravens
  2 centaur simulacra (D:15)
  4 basilisks
  A shadow (D:12)
  6 trapdoor spiders
  4 water elementals
  12 redbacks
  2 vampires
  A spriggan (Lair:4)
  A wraith (D:13)
  10 hippogriffs
  4 tarantellas (Spider:2)
  4 deep elf magi
  33 yaks
  Grum (D:10)
  5 vampire mosquitoes
  13 wolves
  17 water moccasins
  A harpy simulacrum (D:15)
  9 hungry ghosts
  14 orc warriors
  A mottled dragon (D:12)
  20 soldier ants (Lair:6)
  6 phantoms
  3 black bears
  13 ice beasts
  7 centaurs
  3 necrophages
  12 porcupines
  5 boggarts (D:14)
  2 wasps
  4 sky beasts
  11 crocodiles
  2 boring beetles
  7 ogres
  Sigmund (D:4)
  4 big kobolds
  29 giant frogs
  A wyvern zombie (D:13)
  3 wyvern skeletons
  A water moccasin skeleton (D:7)
  3 scorpions
  14 electric eels
  7 crimson imps
  A killer bee (D:12)
  A spriggan skeleton (Lab)
  19 wights
  4 goliath beetles
  4 centaur zombies
  A giant frog zombie (D:10)
  4 jellies
  5 lava snakes (Lair:3)
  A giant frog skeleton (D:11)
  3 quasits
  Crazy Yiuf (D:2)
  9 centaur skeletons
  7 orc priests
  15 hounds
  9 iguanas
  14 orc wizards
  14 sheep
  32 worker ants
  Ijyb (D:2)
  A hound skeleton (D:8)
  2 mummies
  22 adders
  A worker ant zombie (D:6)
  54 river rats
  4 gnolls
  7 giant mites
  3 shadow imps
  6 white imps (D:15)
  3 worms
  An adder zombie (D:6)
  10 giant geckos
  63 orcs
  A bat skeleton (D:4)
  A bat zombie (D:5)
  7 giant cockroaches
  24 goblins
  21 hobgoblins
  10 jackals
  38 kobolds
  18 quokkas
  A ball python (D:2)
  15 bats
  3 giant newts
  3 giant spores
  A quokka skeleton (D:8)
  18 rats
  14 ballistomycetes
  A fungus (Lair:8)
  A plant (Lair:6)
981 creatures vanquished.

Vanquished Creatures (others)
  An orc warrior (Bailey)
  An orc (D:15)
  A bat (D:9)
  A ballistomycete (D:13)
  9 fungi
  7 plants
20 creatures vanquished.

Grand Total: 1001 creatures vanquished

Notes
Turn   | Place    | Note
--------------------------------------------------------------
     0 | D:1      | inmateoo, the Draconian Transmuter, began the quest for the Orb.
     0 | D:1      | Reached XP level 1. HP: 16/16 MP: 3/3
   121 | D:1      | You fall through a shaft!
   121 | D:2      | Noticed Ijyb
   126 | D:2      | Reached XP level 2. HP: 21/23 MP: 2/4
   140 | D:2      | Killed Ijyb
   140 | D:2      | Reached XP level 3. HP: 20/28 MP: 4/6
   240 | D:2      | Found a stormy altar of Qazlal.
   261 | D:2      | Found a bloodstained altar of Trog.
   418 | D:2      | Noticed Terence
   475 | D:1      | Learned a level 2 spell: Sticks to Snakes
   479 | D:1      | Learned a level 3 spell: Spider Form
   857 | D:1      | Reached XP level 4. HP: 35/35 MP: 8/8
  1374 | D:2      | Found a sparkling altar of Nemelex Xobeh.
  1378 | D:2      | Found a shattered altar of Ashenzari.
  1382 | D:2      | Found an ancient bone altar of Kikubaaqudgha.
  1538 | D:2      | Found a white marble altar of Elyvilon.
  1558 | D:2      | Noticed Crazy Yiuf
  1573 | D:2      | Killed Crazy Yiuf
  1926 | D:3      | Gained mutation: You have supernaturally acute eyesight. [potion of beneficial mutation]
  2186 | D:3      | Reached skill level 4 in Unarmed Combat
  2995 | D:3      | Reached XP level 5. HP: 31/41 MP: 9/9
  3251 | D:4      | Noticed an ogre
  3288 | D:4      | Killed an ogre
  3491 | D:4      | Found a shimmering altar of Xom.
  3494 | D:4      | Noticed Sigmund
  3499 | D:4      | Killed Sigmund
  3499 | D:4      | Reached XP level 6. HP: 48/50 MP: 11/12
  3989 | D:5      | Entered Level 5 of the Dungeon
  3989 | D:5      | Noticed Pikel
  4062 | D:5      | Reached skill level 5 in Unarmed Combat
  4190 | D:5      | Found a staircase to the Ecumenical Temple.
  4222 | Temple   | Entered the Ecumenical Temple
  4258 | Temple   | Became a worshipper of Zin the Law-Giver
  4258 | Temple   | Acquired Zin's first power
  4349 | D:5      | Your scales start fading to a pale cyan-grey colour.
  4349 | D:5      | Reached XP level 7. HP: 32/56 MP: 14/14
  4478 | D:5      | Found a burning altar of Makhleb.
  4562 | D:4      | Reached skill level 1 in Stealth
  4748 | D:6      | Reached skill level 1 in Maces & Flails
  4748 | D:6      | Reached skill level 1 in Invocations
  4899 | D:6      | Found a glowing drain.
  4908 | D:6      | Reached XP level 8. HP: 63/63 MP: 17/17
  4921 | Sewer    | Entered a sewer
  5024 | Sewer    | Found a white marble altar of Elyvilon.
  5195 | D:6      | Found an iron altar of Okawaru.
  5354 | D:6      | Found a blossoming altar of Fedhas.
  5684 | D:7      | Found an opulent altar of Gozag.
  5845 | D:7      | Noticed a cyclops
  5909 | D:7      | Killed a cyclops
  5909 | D:7      | Reached XP level 9. HP: 31/72 MP: 20/20
  5966 | D:7      | Acquired Zin's second power
  6238 | D:7      | Found a shattered altar of Ashenzari.
  6271 | D:7      | Reached skill level 5 in Stealth
  6347 | D:7      | Found a deep blue altar of Sif Muna.
  6431 | D:7      | Reached skill level 5 in Fighting
  6431 | D:7      | Reached skill level 5 in Maces & Flails
  7000 | D:8      | Acquired Zin's third power
  7304 | D:8      | Reached skill level 6 in Stealth
  7684 | D:8      | Reached skill level 5 in Spellcasting
  7817 | D:8      | Reached skill level 5 in Dodging
  8010 | D:8      | Reached XP level 10. HP: 57/82 MP: 22/22
  8652 | D:9      | Found a staircase to the Lair.
  8652 | D:9      | Noticed an elephant
  8683 | D:9      | Killed an elephant
  8850 | D:9      | Found a shadowy altar of Dithmenos.
  8889 | D:9      | Reached skill level 5 in Invocations
  8914 | D:9      | Noticed Joseph
  8915 | D:9      | Found Larid's Weapon Boutique.
  8933 | D:9      | Killed Joseph
  8933 | D:9      | Reached skill level 7 in Stealth
  9151 | D:9      | Found a staircase to the Orcish Mines.
  9153 | D:9      | Found Onwid's Armour Boutique.
  9200 | D:9      | Noticed a tengu warrior
  9263 | Lair:1   | Entered Level 1 of the Lair of Beasts
  9510 | Lair:1   | Acquired Zin's fourth power
  9537 | Lair:1   | Got a brightly glowing morningstar
  9538 | Lair:1   | Identified the cursed +0 morningstar of Xausij {freeze, +Fly} (You found it on level 1 of the Lair of Beasts)
  9571 | Lair:1   | Noticed a black mamba
  9571 | Lair:1   | Noticed a black mamba
  9588 | Lair:1   | Killed a black mamba
  9654 | Lair:1   | Killed a black mamba
 10021 | Lair:1   | Noticed a black mamba
 10030 | Lair:1   | Killed a black mamba
 10487 | Lair:1   | Reached XP level 11. HP: 86/91 MP: 25/25
 11197 | Lair:2   | Reached skill level 8 in Stealth
 11201 | Lair:2   | Noticed a six-headed hydra
 11492 | Lair:2   | Found a frozen archway.
 11990 | Lair:3   | Found a hole to the Spider Nest.
 12280 | Lair:3   | Noticed Gastronok
 13706 | Lair:2   | Reached skill level 9 in Maces & Flails
 14178 | Lair:3   | Killed Gastronok
 14178 | Lair:3   | Reached XP level 12. HP: 76/101 MP: 26/26
 16129 | Lair:4   | Reached skill level 10 in Stealth
 16403 | Lair:4   | Reached skill level 10 in Maces & Flails
 16413 | Lair:4   | Found an iron altar of Okawaru.
 17463 | Lair:5   | Noticed Harold
 17485 | Lair:5   | Killed Harold
 18278 | Lair:5   | Reached XP level 13. HP: 108/108 MP: 28/28
 18622 | Lair:6   | Found a labyrinth entrance.
 18632 | Lab      | Entered a labyrinth
 18820 | Lab      | Found an exit through the horrors of the Abyss.
 18954 | Lab      | Got a shimmering granite ring
 18957 | Lab      | Identified the ring "Schorag" {MP+9 Dex+5} (You found it in a labyrinth)
 18971 | Lab      | Learned a level 6 spell: Mass Confusion
 18979 | Lab      | Learned a level 7 spell: Darkness
 18979 | Lab      | Got a scorched spear
 18979 | Lab      | Got a steaming glaive
 18983 | Lair:6   | Identified the cursed +0 spear "Lyta" {pierce, +Fly rN+ MP-9 Str+2 Int+6} (You found it in a labyrinth)
 18984 | Lair:6   | Identified a scroll of acquirement
 18987 | Lair:6   | Got a shimmering great mace
 18989 | Lair:6   | Identified the +7 great mace "Qaqubant" {venom, rElec rN+ Str+3 Stlth+} (You acquired it on level 6 of the Lair of Beasts)
 19253 | Lair:6   | Reached skill level 11 in Stealth
 19444 | Lair:6   | Found a staircase to the Shoals.
 19829 | Lair:7   | Reached skill level 1 in Hexes
 21337 | Lair:7   | Found a staircase to the Slime Pits.
 21386 | Lair:8   | Entered Level 8 of the Lair of Beasts
 21672 | Lair:8   | Reached XP level 14. HP: 118/118 MP: 30/30
 21786 | Lair:8   | Noticed a dire elephant
 21807 | Lair:8   | Killed a dire elephant
 22520 | Lair:8   | Got a pair of crude boots
 22531 | Lair:8   | Identified the -4 pair of boots of Osai {+Inv rF+ rC++ Dex-2} (You acquired it on level 8 of the Lair of Beasts)
 23437 | D:10     | Entered Level 10 of the Dungeon
 23516 | D:10     | Noticed Grum
 23522 | D:10     | Killed Grum
 23522 | D:10     | Reached skill level 12 in Stealth
 23522 | D:10     | Reached skill level 1 in Evocations
 23754 | D:10     | Found Maufem's Book Shoppe.
 23765 | D:10     | Bought a book of Burglary for 900 gold pieces
 23772 | D:10     | Learned a level 6 spell: Invisibility
 24054 | D:11     | Found a flagged portal.
 24061 | Bailey   | Entered a bailey
 24137 | Bailey   | Learned a level 3 spell: Flight
 27245 | D:12     | Found a runed gate.
 27245 | D:12     | Found a runed gate.
 27246 | D:12     | Found a runed gate.
 27345 | D:12     | Noticed puimuR's ghost (experienced DsAM)
 27349 | D:12     | Noticed a shadow dragon
 27382 | D:12     | Killed puimuR's ghost
 28091 | D:12     | Found a runed gate.
 28091 | D:12     | Found a runed gate.
 28092 | D:12     | Found a runed gate.
 28135 | D:12     | Reached skill level 10 in Invocations
 28261 | D:12     | Noticed a fire giant
 28897 | D:12     | Noticed a sphinx
 29164 | D:13     | Found a gate to the Vaults.
 29472 | D:12     | Reached skill level 10 in Fighting
 29757 | D:13     | Reached skill level 5 in Evocations
 30059 | D:13     | Reached XP level 15. HP: 109/126 MP: 31/31
 30891 | D:14     | Found a shadowy altar of Dithmenos.
 30915 | D:14     | Paralysed by a hornet for 4 turns
 31512 | D:14     | Reached skill level 5 in Hexes
 31805 | D:15     | Entered Level 15 of the Dungeon
 31899 | D:15     | Found a staircase to the Depths.
 32132 | D:15     | Noticed Frances
 32152 | D:15     | Killed Frances
 32917 | D:15     | Reached skill level 13 in Stealth
 33887 | Spider:1 | Entered Level 1 of the Spider Nest
 34026 | Spider:1 | You fall through a shaft!
 34056 | Spider:2 | HP: 5/128 [wolf spider (16)]
 34358 | Spider:1 | HP: 6/128 [jumping spider[a torpor snail] (9)]
 34359 | Spider:1 | Slain by a tarantella

Action                   |  1- 3 |  4- 6 |  7- 9 | 10-12 | 13-15 || total
-------------------------+-------+-------+-------+-------+-------++-------
Melee: Unarmed           |   113 |   206 |     8 |       |       ||   327
       Flail             |       |       |   415 |   745 |    66 ||  1226
       Morningstar       |       |       |       |   132 |       ||   132
       Great mace        |       |       |       |       |  1062 ||  1062
 Fire: Blowgun           |       |       |    10 |    17 |       ||    27
 Cast: Beastly Appendage |     3 |     4 |       |       |       ||     7
       Sticks to Snakes  |       |     2 |     6 |     4 |       ||    12
       Spider Form       |       |     3 |       |       |       ||     3
       Flight            |       |       |       |       |     9 ||     9
Invok: Vitalisation      |       |       |       |    11 |    11 ||    22
 Abil: Breathe Steam     |       |       |     7 |    36 |     5 ||    48
       Evoke Invisibilit |       |       |       |       |    11 ||    11
Evoke: Wand              |       |     2 |       |     2 |     3 ||     7
  Use: Scroll            |       |     9 |    10 |    12 |    20 ||    51
       Potion            |       |     1 |     2 |     3 |     8 ||    14
 Stab: Sleeping          |     1 |     2 |    21 |    18 |    71 ||   113
       Distracted        |       |       |     1 |     3 |     6 ||    10
       Invisible         |       |       |     3 |       |    25 ||    28
       Paralysed         |       |       |       |     3 |       ||     3
  Eat: Chunk             |       |    12 |    11 |    19 |    21 ||    63
       Fruit             |       |       |     1 |     1 |     3 ||     5
       Royal jelly       |       |       |     1 |       |       ||     1
       Meat ration       |       |       |       |     3 |     5 ||     8
       Pizza             |       |       |       |     1 |     2 ||     3
       Beef jerky        |       |       |       |       |     2 ||     2
       Bread ration      |       |       |       |       |     1 ||     1
